 Dungeon Crawl Stone Soup version 0.20-a0-210-gd6c29eb (webtiles) character file.

4 deepsabbath the Firebug (level 1, -1/10 HPs)
             Began as a Deep Elf Fire Elementalist on Nov 26, 2016.
             Slain by a quokka (4 damage)
             ... on level 2 of the Dungeon.
             The game lasted 00:00:46 (372 turns).

deepsabbath the Firebug (Deep Elf Fire Elementalist) Turns: 372, Time: 00:00:47

Health: -1/10      AC:  2    Str:  5    XL:     1   Next: 50%
Magic:  6/6        EV: 13    Int: 19    God:
Gold:   8          SH:  0    Dex: 15    Spells: 5/6 levels left

rFire  . . .     SeeInvis .     (no weapon)
rCold  . . .     Gourm    .     a - +0 robe
rNeg   . . .     Faith    .     (no shield)
rPois  .         Spirit   .     (no helmet)
rElec  .         Reflect  .     (no cloak)
rCorr  .         Harm     .     (no gloves)
MR     .....                    (no boots)
Stlth  +.........               (no amulet)
                                (no ring)
                                e - ring of loudness (curse) {Stlth-}

@: no status effects
A: no striking features
a: no special abilities


You were on level 2 of the Dungeon.
You were not hungry.

You visited 1 branch of the dungeon, and saw 2 of its levels.

You collected 8 gold pieces.

Inventory:

Hand Weapons
 f - a +0 hunting sling
   (You found it on level 1 of the Dungeon)
Armour
 a - a +0 robe (worn)
Jewellery
 e - a cursed ring of loudness (left hand) {Stlth-}
   (You found it on level 1 of the Dungeon)
Potions
 d - a potion of curing {unknown}
Books
 b - a book of Flames
Comestibles
 c - a bread ration {@e1}


   Skills:
 + Level 2.9 Dodging
 - Level 2.4 Stealth
 - Level 3.0 Spellcasting
 - Level 1.1 Conjurations
 - Level 3.2 Fire Magic


You had 5 spell levels left.
You knew the following spells:

 Your Spells              Type           Power        Failure   Level  Hunger
a - Flame Tongue          Conj/Fire      ##...        10%         1    None


Dungeon Overview and Level Annotations

Branches:
Dungeon (2/15)

Altars:


Message History

Found a staircase leading out of the dungeon.
d - a purple potion
There is a staircase leading out of the dungeon here.
You open the door.
A leopard gecko comes into view.
The leopard gecko hisses angrily.
There is an open door here.
You closely miss the leopard gecko. The leopard gecko barely misses you.
You hit the leopard gecko. The leopard gecko bites you.
You take 3 damage, and have 7/10 hp.
MASSIVE DAMAGE!!
You barely miss the leopard gecko. The leopard gecko bites you.
You take 1 damage, and have 6/10 hp.
You closely miss the leopard gecko. The leopard gecko closely misses you.
The leopard gecko bites you but does no damage.
You hit the leopard gecko.
You kill the leopard gecko!
You start resting.
Health restored: 10
e - a small coral ring Put on which piece of jewellery? (? for menu, Esc to quit)
Oops, that ring feels deathly cold.
e - a cursed ring of loudness (left hand)
Okay, then.
You open the door.
There is an open door here.
A rat comes into view.
A bat comes into view.
The bat hits you but does no damage.
You hit the bat. The bat barely misses you.
The bat hits you but does no damage.
You hit the bat but do no damage. The bat barely misses you.
You hit the bat. The bat barely misses you. The bat completely misses you. x2
You closely miss the bat. The bat hits you but does no damage.
The bat barely misses you.
You hit the bat but do no damage. The bat hits you but does no damage.
You closely miss the bat. The bat closely misses you. The bat misses you.
You closely miss the bat. The bat hits you.
You take 1 damage, and have 9/10 hp.
You closely miss the bat. The bat closely misses you.
You hit the bat but do no damage. The bat hits you but does no damage.
You barely miss the bat. The bat barely misses you.
The bat hits you but does no damage.
You miss the bat. The bat hits you but does no damage. x2
Health restored: 10 You miss the bat.
The bat hits you but does no damage.
You hit the bat. The bat hits you but does no damage.
The bat closely misses you.
You closely miss the bat. The bat hits you but does no damage.
The bat barely misses you.
You hit the bat.
You kill the bat!
You hit the rat but do no damage. The rat bites you.
You take 3 damage, and have 7/10 hp.
MASSIVE DAMAGE!!
You hit the rat but do no damage. The rat barely misses you.
You barely miss the rat. The rat bites you but does no damage.
You barely miss the rat. The rat misses you.
You hit the rat.
You kill the rat!
You start resting.
Health restored: 10 You open the door.
There is an open door here.
Found a stone staircase leading down.
You open the door.
Found an escape hatch in the floor.
There is an open door here.
Found a stone staircase leading down.
f - a hunting sling You now have 8 gold pieces.
A kobold comes into view. It is wielding a dagger of distortion.
The kobold shouts!
You see here 20 sling bullets.
Found a stone staircase leading down.
There is a stone staircase leading down here.
You climb downwards.
A quokka and a hobgoblin come into view.
The hobgoblin shouts!
There is a stone staircase leading up here.
You closely miss the quokka. The quokka bites you.
You take 2 damage, and have 8/10 hp.
You hit the quokka but do no damage. The quokka closely misses you.
You closely miss the quokka. The quokka closely misses you.
You completely miss the quokka. The quokka completely misses you.
The quokka bites you.
You take 2 damage, and have 6/10 hp.
You barely miss the quokka. The quokka misses you.
You hit the quokka. The quokka bites you.
* * * LOW HITPOINT WARNING * * *
You take 3 damage, and have 3/10 hp.
MASSIVE DAMAGE!!
You completely miss the quokka. The quokka misses you.
You closely miss the quokka. The quokka misses you.
You hit the quokka but do no damage.
The quokka bites you but does no damage.
The quokka misses you.
You hit the quokka but do no damage. The quokka closely misses you.
You hit the quokka but do no damage. The quokka bites you.
You die...

#.........#
.........#
#.......##
###..?......
##.#.........
#....<.......
##g#.........
#r#.........
#@#.......#.
#.#########
#.# #.# #.#
... ..# ...


You could see a quokka and a hobgoblin.

Vanquished Creatures
  A leopard gecko (D:1)
  A bat (D:1)
  A rat (D:1)
3 creatures vanquished.

Notes
Turn   | Place    | Note
-------+----------+-------------------------------------------
     0 | D:1      | deepsabbath the Deep Elf Fire Elementalist began the quest for the Orb.
     0 | D:1      | Reached XP level 1. HP: 10/10 MP: 6/6
   372 | D:2      | Slain by a quokka

Vault maps used:
D:1:      minmay_arrival_four_houses, serial_corexii_hall,
          corexii_hall_statues_t, corexii_hall_statues_i, roderic_whirl
D:2:      good_gods_mini_temple, grunt_dithmenos_smoke

Action                   || total
-------------------------++-------
Melee: Unarmed           ||    36
Armor: Robe              ||    14
Dodge: Dodged            ||    24

Vault maps used:
D:1:      minmay_arrival_four_houses, serial_corexii_hall,
          corexii_hall_statues_t, corexii_hall_statues_i, roderic_whirl
D:2:      good_gods_mini_temple, grunt_dithmenos_smoke

Table legend:
 A = Turns spent in this place as a percentage of turns spent in the entire game.
 B = Non-inter-level travel turns spent in this place as a percentage of non-inter-level travel turns spent in the entire game.
 C = Inter-level travel turns spent in this place as a percentage of turns spent in this place.
 D = Turns resting spent in this place as a percentage of non-inter-level travel turns spent in this place.
 E = Turns spent auto-exploring this place as a percentage of non-inter-level travel turns spent in this place.
 F = Non-inter-level travel turns spent in this place divided by the number of levels of this place that you've seen.
                   A       B       C       D       E      F
               +-------+-------+-------+-------+-------+----------------------
         Total | 100.0 | 100.0 |   0.0 |   3.8 |   3.8 |  52.5
       Dungeon | 100.0 | 100.0 |   0.0 |   3.8 |   3.8 |  52.5
               +-------+-------+-------+-------+-------+----------------------

Table legend:
 A = Kills in this place as a percentage of kills in entire the game.
 B = Kills by you in this place as a percentage of kills by you in the entire game.
 C = Kills by friends in this place as a percentage of kills by friends in the entire game.
 D = Other kills in this place as a percentage of other kills in the entire game.
 E = Experience gained in this place as a percentage of experience gained in the entire game.
 F = Experience gained in this place divided by the number of levels of this place that you have seen.
                   A       B       C       D       E      F
               +-------+-------+-------+-------+-------+----------------------
         Total | 100.0 | 100.0 |  -nan |  -nan | 100.0 |   3.0
       Dungeon | 100.0 | 100.0 |  -nan |  -nan | 100.0 |   3.0
               +-------+-------+-------+-------+-------+----------------------
